 Dungeon Crawl Stone Soup version 0.32-a0-834-geaf45d8e21 (webtiles) character file.

Game seed: 16202047871585449175

52468 epen the Marksnaga (level 14, -8/136 HPs)
             Began as a Naga Hunter on Mar 25, 2024.
             Was the Champion of Dithmenos.
             Killed from afar by a lindwurm (33 damage)
             ... with a blast of flame
             ... on level 5 of the Lair of Beasts.
             The game lasted 00:29:29 (12374 turns).

epen the Marksnaga (Naga Hunter)                   Turns: 12374, Time: 00:29:30

Health: -8/136     AC: 19    Str: 15    XL:     14   Next: 64%
Magic:  20/20      EV: 13    Int:  7    God:    Dithmenos [******]
Gold:   1267       SH:  5    Dex: 19    Spells: 13/13 levels left

rFire   . . .        l - +5 triple crossbow (heavy)
rCold   + . .        (shield currently unavailable)
rNeg    . . .        p - +8 ring mail of Xehuerab {rF+ Regen+ Int-2 SInv}
rPois   +            j - +0 helmet
rElec   .            q - +1 cloak
rCorr   .            P - +0 pair of gloves
SInv    +            (no barding)
Will    ++...        z - amulet of reflection
Stlth   +++++++      i - ring of willpower
HPRegen 1.22/turn    H - ring of ice
MPRegen 0.17/turn

%: reflection
@: lethally poisoned (-8 -> -9), wreathed by umbra, very slow
A: AC +4, large, see invisible, deformed body, poison resistance, slowness 2,
spit poison 1, naga tail 2
a: Spit Poison, Renounce Religion, Shadow Step, Shadow Form


You were on level 5 of the Lair of Beasts.
You worshipped Dithmenos.
Dithmenos was exalted by your worship.
You visited 3 branches of the dungeon, and saw 16 of its levels.
You also visited: Ice Cave.

You collected 1267 gold pieces.

Inventory:

Hand Weapons
 a - a +1 shortbow
 l - a +5 heavy triple crossbow (weapon)
 B - a +2 rapier of venom
 D - a +0 orcbow
 M - the +2 Maxwell's thermic engine {flame, freeze, rev}
   (You found it in an ice cave)
Missiles
 f - 38 poisoned darts
Armour
 c - a +0 leather armour
 j - a +0 helmet (worn)
 p - the +8 ring mail of Xehuerab (worn) {rF+ Regen+ Int-2 SInv}
   (You found it on level 2 of the Dungeon)

   Int-2:     It affects your intelligence (-2).
   rF+:       It protects you from fire.
   SInv:      It lets you see invisible.
   Regen+:    It increases your rate of health regeneration.
 q - a +1 cloak (worn)
 P - a +0 pair of gloves (worn)
Jewellery
 i - a ring of willpower (left hand)
 x - an amulet of faith
 y - a ring of willpower
 z - an amulet of reflection (around neck)
 H - a ring of ice (right hand)
 I - a +4 ring of slaying
Wands
 o - a wand of flame (51)
 A - a wand of digging (2)
 K - a wand of warping (4)
 N - a wand of light (2)
Scrolls
 b - a scroll of butterflies
 e - 3 scrolls of fog
 h - a scroll of torment
 s - 5 scrolls of immolation
 C - 2 scrolls of vulnerability
 O - a scroll of identify
 R - a scroll of blinking {unknown}
 S - a scroll of enchant armour
Potions
 d - a potion of degeneration {unknown}
 g - a potion of cancellation
 k - 2 potions of magic
 m - 2 potions of ambrosia {unknown}
 n - 5 potions of might
 r - 2 potions of brilliance
 t - 2 potions of invisibility
 u - 5 potions of attraction
 v - 2 potions of berserk rage
 w - a potion of haste
 E - a potion of enlightenment
 F - a potion of heal wounds
 G - 3 potions of lignification {unknown}
 J - a potion of resistance {unknown}
 L - 2 potions of mutation {unknown}
 Q - 2 potions of curing {unknown}


   Skills:
 + Level 11.8 Fighting
 * Level 15.3 Ranged Weapons
 + Level 10.0 Dodging
 - Level 10.9 Stealth
 + Level 9.3 Invocations


You had 13 spell levels left.
You didn't know any spells.
Your spell library contained the following spells:

 Spells                   Type           Power      Damage    Failure   Level
 Magic Dart               Conj           0%         1d3       67%         1
 Slow                     Hex            0%         N/A       67%         1
 Sting                    Conj/Alch      0%         1d3       67%         1
 Blink                    Tloc           0%         N/A       80%         2
 Call Imp                 Summ           0%         N/A       80%         2
 Ensorcelled Hibernation  Hex/Ice        0%         N/A       80%         2
 Mercury Vapours          Alch/Air       0%         N/A       80%         2
 Sublimation of Blood     Necr           0%         N/A       80%         2
 Confusing Touch          Hex            0%         N/A       95%         3
 Fugue of the Fallen      Necr           0%         N/A       95%         3
 Vampiric Draining        Necr           0%         2d6       95%         3
 Anguish                  Hex/Necr       0%         N/A       100%        4
 Olgreb's Toxic Radiance  Alch           0%         N/A       100%        4
 Passage of Golubria      Tloc           0%         N/A       100%        4
 Petrify                  Alch/Erth      0%         N/A       100%        4
 Irradiate                Conj/Alch      0%         3d11      100%        5
 Silence                  Hex/Air        0%         N/A       100%        5
 Sculpt Simulacrum        Ice/Alch       0%         N/A       100%        6
 Ozocubu's Refrigeration  Ice            0%         4d7       100%        7
 Lehudib's Crystal Spear  Conj/Erth      0%         10d2      100%        8


Dungeon Overview and Level Annotations

Branches:
Dungeon (10/15)            Temple (1/1) D:4            Lair (5/5) D:10
 Shoals (0/4) Lair:2       Spider (0/4) Lair:2        Slime (0/5) Lair:4
    Orc (0/2) D:9           IceCv (visited)

Altars:
Ashenzari
Cheibriados
Dithmenos
Elyvilon
Fedhas
Gozag
Hepliaklqana
Kikubaaqudgha
Makhleb
Nemelex Xobeh
Okawaru
Qazlal
Ru
Sif Muna
Trog
Uskayaw
Vehumet
Wu Jian
Xom
Yredelemnul
Zin
The Shining One
Jiyva


Innate Abilities, Weirdness & Mutations

Your serpentine skin is tough. (AC +4)
You have supernaturally acute eyesight. (SInv)
Armour fits poorly on your strangely shaped body.
Your system is resistant to poisons. (rPois)
You cover ground very slowly.
You can spit poison.
You can use your snake-like lower body to constrict enemies.


Message History

The tyrant leech is heavily wounded.
The hornet stings you but does no damage.
The hornet stings you.
You are poisoned.
You feel yourself slow down. The hornet misses you.
The tyrant leech bites you but does no damage.
The tyrant leech barely misses you.
Fire: l) +5 triple crossbow (heavy)
Press: ? - help, Shift-Dir - straight line, f/p - tyrant leech
Aim: a tyrant leech (black smoke, heavily wounded, umbra, 60% to hit)
You shoot a bolt.
The bolt closely misses the tyrant leech.
The bolt hits the hornet!!!
You kill the hornet!
Dithmenos accepts your kill.
Your shadow shoots a bolt.
The bolt hits the tyrant leech!
You feel extremely sick. The lindwurm bites you! The lindwurm claws you.
The lindwurm closely misses you. The tyrant leech closely misses you.
The lindwurm bites you!
The lindwurm claws you but does no damage.
The lindwurm closely misses you. The tyrant leech bites you!!
The tyrant leech draws strength from your injuries!
The lindwurm closely misses you. The lindwurm claws you.
* * * LOW HITPOINT WARNING * * *
The lindwurm claws you.
* * * LOW HITPOINT WARNING * * *
Fire: l) +5 triple crossbow (heavy)
Press: ? - help, Shift-Dir - straight line, f/p - tyrant leech
Aim: a tyrant leech (black smoke, severely wounded, umbra, 60% to hit)
You shoot a bolt. The bolt misses the tyrant leech.
You feel yourself speed up.
You feel very sick. The lindwurm bites you!
* * * LOW HITPOINT WARNING * * *
You block the lindwurm's attack. The lindwurm barely misses you.
The tyrant leech closely misses you. The lindwurm breathes flames at you.
The blast of flame hits you!!
You die...

..##
##...####...###....#
P## ####.P..#...##
#....# .#
##.#.......### #....#
## ##.#÷...P.#.#
##..## #
##.#....###### ##.## #
#......## ..###
####....#..#### ..#
.#....###....P####..?#
.....## ##......@w§.#
#.P..# #####.§§k###
###### ######


You could see a tyrant leech and a lindwurm (catching breath).

Vanquished Creatures
  Rupert (Lair:3)
  A frost giant (IceCv)
  The ghost of happinesssam the Thaumaturge, a journeyman DjCj of Nemelex Xobeh (Lair:4)
  A fire dragon (Lair:5)
  Snorg (D:10)
  4 hydras
  Harold (D:10)
  A two-headed ogre (D:9)
  A boulder beetle (Lair:2)
  7 death yaks (IceCv)
  Nergalle (D:10)
  A lindwurm (Lair:5)
  An ugly thing (IceCv)
  10 elephants
  Maurice (D:10)
  An ice statue (IceCv)
  5 black mambas
  A merfolk siren (Lair:2)
  5 torpor snails (Lair:5)
  6 cane toads
  2 kobold demonologists (D:9)
  7 komodo dragons
  6 rime drakes
  2 ice devils (Lair:2)
  7 polar bears
  8 hornets (Lair:5)
  3 trolls
  2 tyrant leeches (Lair:5)
  8 dream sheep
  8 blink frogs
  3 wyverns
  68 yaks
  3 basilisks
  2 steam dragons
  13 water moccasins
  An acid dragon (D:10)
  Duvessa (D:6)
  2 orc warriors
  5 black bears
  An ice beast (D:7)
  2 sky beasts
  18 wolves
  An ogre (D:5)
  A centaur (D:7)
  A phantom (D:5)
  4 kobold brigands (D:9)
  7 bullfrogs
  6 scorpions
  5 wights (D:9)
  Dowan (D:6)
  5 killer bees
  4 electric eels
  A howler monkey (D:10)
  2 bombardier beetles
  3 jellies (Lair:4)
  A lava snake (D:10)
  7 orc priests
  2 gnoll boudas
  3 hounds
  5 iguanas
  Natasha (thrice) (D:2)
  8 orc wizards
  12 hell rats
  A hound zombie (D:3)
  6 gnolls
  5 adders
  A shadow imp (D:6)
  2 white imps (D:6)
  2 ufetubi (D:7)
  An adder zombie (D:3)
  4 dart slugs
  44 orcs
  4 ball pythons
  3 bats
  12 endoplasms
  9 giant cockroaches
  4 goblins
  5 hobgoblins
  6 jackals
  6 kobolds
  3 quokkas
  4 frilled lizards
  A quokka zombie (D:3)
  4 rats
  A butterfly (D:4)
433 creatures vanquished.

Notes
Turn   | Place    | Note
-------+----------+-------------------------------------------
     0 | D:1      | epen the Naga Hunter began the quest for the Orb.
     0 | D:1      | Reached XP level 1. HP: 19/19 MP: 1/1
   179 | D:1      | Reached XP level 2. HP: 22/26 MP: 2/2
   464 | D:1      | Reached skill level 4 in Ranged Weapons
   915 | D:2      | Reached XP level 3. HP: 31/33 MP: 3/3
   991 | D:2      | Noticed Natasha
   999 | D:2      | Killed Natasha
  1038 | D:2      | Noticed Natasha
  1044 | D:2      | Killed Natasha
  1045 | D:2      | Reached XP level 4. HP: 28/40 MP: 4/4
  1221 | D:2      | Noticed Natasha
  1228 | D:2      | Killed Natasha
  1408 | D:2      | Identified the +8 ring mail of Xehuerab {rF+ Regen+ Int-2
                  | SInv}
  1668 | D:3      | Found a glowing silver altar of Zin.
  1778 | D:3      | Reached XP level 5. HP: 49/49 MP: 5/5
  1883 | D:3      | Found a basalt altar of Yredelemnul.
  2000 | D:3      | You fall into a shaft and drop 3 floors!
  2002 | D:6      | Noticed a yak
  2002 | D:6      | Noticed a yak
  2002 | D:6      | Noticed a yak
  2002 | D:6      | Noticed a yak
  2008 | D:5      | Entered Level 5 of the Dungeon
  2079 | D:5      | Reached skill level 5 in Ranged Weapons
  2094 | D:5      | Found an iron altar of Okawaru.
  2116 | D:5      | Reached XP level 6. HP: 47/56 MP: 6/6
  2321 | D:5      | Noticed a black bear
  2328 | D:5      | Killed a black bear
  2329 | D:5      | Reached skill level 6 in Ranged Weapons
  2329 | D:5      | Reached XP level 7. HP: 64/64 MP: 7/7
  2725 | D:4      | Identified the +0 chain mail of the Pirate {rPois Regen+}
  2879 | D:4      | Found a staircase to the Ecumenical Temple.
  2888 | Temple   | Entered the Ecumenical Temple
  2910 | Temple   | Became a worshipper of Dithmenos the Shadowed
  3023 | D:5      | Killed a yak
  3024 | D:5      | Reached XP level 8. HP: 9/73 MP: 8/8
  3191 | D:5      | Killed a yak
  3192 | D:5      | Reached skill level 7 in Ranged Weapons
  3281 | D:6      | Reached skill level 5 in Fighting
  3328 | D:6      | Killed a yak
  3337 | D:6      | Killed a yak
  3338 | D:6      | Reached skill level 5 in Stealth
  3483 | D:6      | Noticed Duvessa
  3499 | D:6      | Killed Duvessa
  3500 | D:6      | Reached XP level 9. HP: 64/81 MP: 9/9
  3541 | D:6      | Noticed Dowan
  3547 | D:6      | Killed Dowan
  3973 | D:6      | Reached skill level 8 in Ranged Weapons
  4452 | D:7      | Reached skill level 5 in Dodging
  4727 | D:7      | Found a broken altar of Ashenzari.
  4808 | D:7      | Reached * piety under Dithmenos
  5137 | D:7      | Noticed a troll
  5145 | D:7      | Killed a troll
  5308 | D:8      | Identified the +0 robe "Ceuleojo" {Rampage rPois Dex+2}
  5386 | D:7      | Reached skill level 9 in Ranged Weapons
  5441 | D:7      | Identified a scroll of acquirement
  5441 | D:7      | Acquired a +2 heavy triple crossbow
  5718 | D:8      | Reached XP level 10. HP: 92/92 MP: 10/10
  6062 | D:9      | Noticed a kobold demonologist
  6062 | D:9      | Noticed a kobold demonologist
  6068 | D:9      | Killed a kobold demonologist
  6070 | D:9      | Killed a kobold demonologist
  6156 | D:9      | Reached ** piety under Dithmenos
  6196 | D:9      | Found a staircase to the Orcish Mines.
  6218 | D:9      | Reached skill level 10 in Ranged Weapons
  6263 | D:9      | Noticed a two-headed ogre
  6264 | D:9      | Killed a two-headed ogre
  6290 | D:9      | Reached skill level 10 in Stealth
  6292 | D:9      | Reached XP level 11. HP: 73/103 MP: 11/11
  6496 | D:9      | Identified the +3 chain mail of Jeqynesch {*Slow rPois
                  | Str+3 Dex+5}
  6772 | D:9      | Reached *** piety under Dithmenos
  6893 | D:10     | Entered Level 10 of the Dungeon
  6893 | D:10     | Noticed Snorg
  6899 | D:10     | Killed Snorg
  6974 | D:10     | Reached skill level 11 in Ranged Weapons
  6977 | D:10     | Found a sparkling altar of Nemelex Xobeh.
  7052 | D:10     | Reached skill level 1 in Invocations
  7102 | D:10     | Noticed Harold
  7119 | D:10     | Killed Harold
  7322 | D:10     | Found a staircase to the Lair.
  7424 | D:10     | Noticed Maurice
  7437 | D:10     | Killed Maurice
  7611 | D:10     | Noticed Nergalle
  7614 | D:10     | Killed Nergalle
  7675 | D:10     | Found a shimmering altar of Xom.
  7678 | D:10     | Found a glowing golden altar of the Shining One.
  7678 | D:10     | Found a shimmering blue altar of Sif Muna.
  7690 | D:10     | Found a hazy altar of Hepliaklqana.
  7693 | D:10     | Found an ancient bone altar of Kikubaaqudgha.
  7803 | Lair:1   | Entered Level 1 of the Lair of Beasts
  7835 | Lair:1   | Reached XP level 12. HP: 114/114 MP: 14/14
  7939 | Lair:1   | Reached **** piety under Dithmenos
  7940 | Lair:1   | Reached skill level 12 in Ranged Weapons
  8288 | Lair:1   | Found a radiant altar of Vehumet.
  8451 | Lair:2   | Found a staircase to the Shoals.
  8483 | Lair:2   | Found a frozen archway.
  8495 | IceCv    | Entered an ice cave
  8516 | IceCv    | Noticed a death yak
  8517 | IceCv    | Noticed a death yak
  8522 | IceCv    | Reached skill level 5 in Invocations
  8527 | IceCv    | Killed a death yak
  8544 | IceCv    | Killed a death yak
  8662 | IceCv    | Noticed a death yak
  8695 | IceCv    | Killed a death yak
  8819 | IceCv    | Reached skill level 13 in Ranged Weapons
  8833 | IceCv    | Reached skill level 10 in Fighting
  8853 | IceCv    | Noticed a death yak
  8853 | IceCv    | Noticed a death yak
  8858 | IceCv    | Noticed a death yak
  8859 | IceCv    | Killed a death yak
  8860 | IceCv    | Gained mutation: You can use your snake-like lower body to
                  | constrict enemies. [Naga growth]
  8860 | IceCv    | Reached XP level 13. HP: 123/123 MP: 17/17
  8920 | IceCv    | Noticed a frost giant
  8932 | IceCv    | Killed a frost giant
  8932 | IceCv    | Reached ***** piety under Dithmenos
  8963 | IceCv    | Found the +2 Maxwell's thermic engine {flame, freeze, rev}
  8975 | IceCv    | Got the Book of the Crevasse
  9572 | Lair:2   | Reached skill level 14 in Ranged Weapons
  9617 | Lair:2   | Found a hole to the Spider Nest.
  9851 | Lair:3   | Noticed Rupert
  9948 | Lair:3   | You fall into a shaft and drop 2 floors!
  9948 | Lair:5   | Entered Level 5 of the Lair of Beasts
 10241 | Lair:5   | Reached XP level 14. HP: 122/135 MP: 20/20
 10324 | Lair:4   | Found a staircase to the Slime Pits.
 10328 | Lair:4   | Found a viscous altar of Jiyva.
 10419 | Lair:4   | Found a runed translucent door.
 10422 | Lair:4   | Noticed happinesssam's ghost (journeyman DjCj)
 10462 | Lair:4   | Reached ****** piety under Dithmenos
 11040 | Lair:4   | Killed happinesssam's ghost
 11141 | Lair:3   | Killed Rupert
 11613 | Lair:3   | Reached skill level 15 in Ranged Weapons
 11979 | Lair:5   | HP: 6/136 [tyrant leech (20)]
 12368 | Lair:5   | Paralysed by a hornet for 3 turns
 12369 | Lair:5   | Reached skill level 10 in Dodging
 12374 | Lair:5   | Killed from afar by a lindwurm

Illustrated notes

Levels and vault maps discovered:
D:1:      kilobyte_arrival_exit_the_forest, layout_loops_ring
D:2:      layout_basic, hex_medium, minmay_misc_feat_columns,
          serial_park_tiny_1, uniq_natasha
D:3:      layout_basic, zin_academy, nicolae_yredelemnul_corpse_copse
D:4:      layout_gridville, minmay_temple_entry_butterflies
D:5:      layout_basic, mainiacjoe_overflow_boulevard
D:6:      layout_loops_ring, kennysheep_generic_room_14, uniq_duvessa
D:7:      layout_gridville, evilmike_ruin_ashenzari,
          hangedman_abyss_or_decor_lesser_grid, hangedman_decor_opposing
D:8:      layout_gridville
D:9:      layout_gridville, hiddenorc2_lemuel
D:10:     layout_loops_ring, mainiacjoe_overflow_surrounded_room,
          minmay_overflow_temple_star_hex, lair_entry_dummy,
          nicolae_kite_square_tiling_tiny, minmay_chambers_of_fives,
          uniq_harold, uniq_maurice, uniq_snorg, uniq_nergalle
Temple:   chequers_temple_sunken
Lair:1:   layout_long_grid, basic_altar, disabler_island
Lair:2:   layout_misc_corridors, minmay_shoals_entry_lonely_mermaid,
          nicolae_spider_entry_non_spiders, portal_ice_cave_demonic_guard
Lair:3:   layout_chaotic_city, beast_lair_carwin_1, uniq_rupert
Lair:4:   layout_hall_layers, nicolae_slime_entry_slimehenge,
          ebering_ghost_inner_flame, chequers_serial_rivers_micro_a
Lair:5:   hangedman_lair_caniforms_friends, layout_gridlike, wormcave,
          enter_volcano_3, grunt_megastairs_3, infiniplex_staircase_pool

Skill      XL: |  1  2  3  4  5  6  7  8  9 10 11 12 13 14 |
---------------+-------------------------------------------+-----
Ranged Weapons | 4 5 6 7 9 10 11 13 14 15 | 15.3
Dodging        | 2 3 4 5 6 7 8 9 10 | 10.0
Fighting       | 3 4 5 6 7 9 10 11 | 11.8
Stealth        | 3 5 8 10 | 10.9
Invocations    | 3 6 8 9 |  9.3

Action                     |  1- 3 |  4- 6 |  7- 9 | 10-12 | 13-15 || total
---------------------------+-------+-------+-------+-------+-------++-------
   Fire: Shortbow          |    71 |   180 |   447 |       |       ||   698
         Triple crossbow   |       |       |     2 |   301 |   328 ||   631
  Throw: Throwing net      |       |       |       |       |     1 ||     1
Ability: Spit Poison       |     2 |     4 |     7 |       |     1 ||    14
  Evoke: Wand              |       |     4 |     1 |       |     3 ||     8
    Use: Scroll            |       |     9 |     5 |     9 |    13 ||    36
         Potion            |       |       |     1 |     1 |     8 ||    10
 Armour: Leather armour    |    32 |    16 |       |       |       ||    48
         Ring mail         |       |    92 |   349 |   308 |   476 ||  1225
  Dodge: Dodged            |    23 |    57 |   231 |   237 |   412 ||   960
  Block: Other             |       |       |       |    29 |    96 ||   125
         Reflection        |       |       |       |     2 |     1 ||     3

Table legend: (Time is in decaauts)
 A = Elapsed time spent in this place.
 B = Non-inter-level travel time spent in this place.
 C = Inter-level travel time spent in this place.
 D = Time resting spent in this place.
 E = Time spent auto-exploring this place.
 F = Levels seen in this place.
 G = Mean time per level.
                   A        B        C        D        E       F      G
               +--------+--------+--------+--------+--------+-----+--------+
         Total |  17030 |  16317 |    713 |    724 |  11667 |  17 | 1001.8 |
       Dungeon |  10479 |   9982 |    497 |    309 |   7628 |  10 | 1047.9 |
        Temple |     44 |     44 |      0 |      0 |      0 |   1 |   44.0 |
          Lair |   5664 |   5448 |    216 |    315 |   3702 |   5 | 1132.8 |
      Ice Cave |    842 |    842 |      0 |    100 |    335 |   1 |  842.0 |
               +--------+--------+--------+--------+--------+-----+--------+

Top non-repeatable levels by time:
     D:6: 1377 daAuts
     D:7: 1350 daAuts
    D:10: 1313 daAuts
     D:9: 1303 daAuts
  Lair:4: 1298 daAuts
  Lair:5: 1227 daAuts
     D:5: 1201 daAuts
     D:1: 1181 daAuts
  Lair:2: 1103 daAuts
  Lair:3: 1102 daAuts
     D:2: 1014 daAuts
  Lair:1: 931 daAuts
     D:8: 901 daAuts
   IceCv: 842 daAuts
     D:3: 449 daAuts
